 Dungeon Crawl Stone Soup version 0.29.0-4-gdea44cf6ec (webtiles) character file.

Game seed: 11306824322521268846

47 qw the Chopper (level 3, 0/21 HPs)
             Began as a Tengu Warper on Aug 28, 2022.
             Succumbed to an adder's poison
             ... on level 2 of the Dungeon.
             The game lasted 00:00:06 (1287 turns).

qw the Chopper (Tengu Warper)                       Turns: 1287, Time: 00:00:06

Health: 0/21       AC:  8    Str: 13    XL:     3   Next: 70%
Magic:  7/7        EV:  6    Int: 13    God:
Gold:   31         SH:  0    Dex: 13    Spells: 6/6 levels left

rFire   . . .      SeeInvis .   Y - +0 hand axe
rCold   . . .      Faith    .   (no shield)
rNeg    . . .      Spirit   .   f - +0 chain mail
rPois   .          Reflect  .   (helmet restricted)
rElec   .          Harm     .   (no cloak)
rCorr   .          Rampage  .   (no gloves)
Will    .....                   (boots unavailable)
Stlth   ..........              (no amulet)
HPRegen 0.07/turn               (no ring)
MPRegen 0.10/turn               (no ring)

@: lethally poisoned (0 -> -2)
A: beak, talons 3
a: no special abilities


You were on level 2 of the Dungeon.
You visited 1 branch of the dungeon, and saw 2 of its levels.

You collected 31 gold pieces.


Innate Abilities, Weirdness & Mutations

You have a beak for a mouth.
You have claws for feet.


   Skills:
 - Level 2.0 Fighting
 + Level 4.3 Axes
 - Level 1.0 Throwing
 - Level 1.1 Armour
 - Level 2.1 Dodging
 - Level 2.0 Spellcasting
 - Level 2.4 Translocations


You had 6 spell levels left.
You didn't know any spells.
Your spell library contained the following spells:

 Spells                   Type           Power      Damage    Failure   Level
 Blink                    Tloc           14%        N/A       99%         2
 Gell's Gravitas          Tloc           7%         N/A       100%        3
 Lesser Beckoning         Tloc           7%         N/A       100%        3
 Teleport Other           Tloc           7%         N/A       100%        3
 Manifold Assault         Tloc           7%         N/A       100%        5

Inventory:

Hand Weapons
 d - a +0 whip of flaming
 Y - a +0 hand axe (weapon)
Missiles
 e - 2 boomerangs (quivered)
Armour
 f - a +0 chain mail (worn)
Potions
 h - a potion of curing {unknown}

Dungeon Overview and Level Annotations

Branches:
Dungeon (2/15)

Altars:

Annotations:
D:2 Sigmund


Message History

Sigmund points at you and mumbles some strange words.
You are confused.
You climb upwards.
There is a stone staircase leading down here.
You start resting.
You feel less confused.
HP restored.
Done exploring.
(D) Dungeon
Where to? (* - list waypoints, Enter - D:2, ? - help)
What level of the Dungeon? (default 1, ? - help)
You climb downwards.
Level annotation: Sigmund The adder hisses angrily.
There is a stone staircase leading up here.
You miss the adder. You claw the adder.
The adder is heavily wounded.
The adder bites you but does no damage.
You barely miss the adder. You claw the adder, but do no damage.
The adder is heavily wounded.
The adder bites you.
You are poisoned.
The adder poisons you!
Sigmund laughs darkly.
Sigmund completely misses you. The adder bites you but does no damage.
You closely miss the adder. You claw the adder. Your peck misses the adder.
The adder is severely wounded.
You feel sick. The adder bites you.
Sigmund hits you from afar with a +0 scythe.
You closely miss the adder. Your kick misses the adder.
The adder is severely wounded.
You feel sick. The adder bites you.
You hit the adder.
The adder is almost dead.
You feel sick. The adder bites you but does no damage.
Sigmund hits you from afar with a +0 scythe.
The adder bites you but does no damage.
You barely miss the adder.
The adder is almost dead.
You die...

# .# #.##
.########...##
.).....<@....#
#########S...#
#@#.# ...# .[.
####


You could see Sigmund and an adder.

Vanquished Creatures
  A gnoll (D:1)
  3 dart slugs (D:1)
  2 ball pythons (D:1)
  An endoplasm (D:1)
  A giant cockroach (D:1)
  4 goblins (D:1)
  2 hobgoblins (D:1)
  5 kobolds (D:1)
  3 quokkas (D:1)
  2 bats (D:1)
  6 rats (D:1)
30 creatures vanquished.

Notes
Turn   | Place    | Note
-------+----------+-------------------------------------------
     0 | D:1      | qw the Tengu Warper began the quest for the Orb.
     0 | D:1      | Reached XP level 1. HP: 12/12 MP: 4/4
     0 | D:1      | 0 ||| qw: Version: 0.1-a-89-g26bdef1
     0 | D:1      | 0 ||| qw: Game counter: 2496
     0 | D:1      | 0 ||| qw: Always use a shield: true
     0 | D:1      | 0 ||| qw: God list: Okawaru
     0 | D:1      | 0 ||| qw: Allow faded altars: false
     0 | D:1      | 0 ||| qw: Do Orc after D:15 true
     0 | D:1      | 0 ||| qw: Do second Lair branch before Depths: true
     0 | D:1      | 0 ||| qw: Lair rune preference: random
     0 | D:1      | 0 ||| qw: Plans: Normal
     0 | D:1      | 0 ||| PLANNING D:1-11
    51 | D:1      | Reached skill level 3 in Axes
    51 | D:1      | Reached XP level 2. HP: 11/17 MP: 6/6
   178 | D:1      | 178 ||| Stepping ~*~*~tactically~*~*~ (stealth).
   180 | D:1      | 180 ||| Stepping ~*~*~tactically~*~*~ (hiding).
   182 | D:1      | 182 ||| Stepping ~*~*~tactically~*~*~ (hiding).
   183 | D:1      | 183 ||| Stepping ~*~*~tactically~*~*~ (hiding).
   309 | D:1      | 309 ||| Stepping ~*~*~tactically~*~*~ (stealth).
   315 | D:1      | 315 ||| Stepping ~*~*~tactically~*~*~ (stealth).
   435 | D:1      | 435 ||| DROPPING +0 club.
   462 | D:1      | Reached XP level 3. HP: 21/21 MP: 7/7
   478 | D:1      | 478 ||| DROPPING +0 mace.
   611 | D:1      | Reached skill level 4 in Axes
   659 | D:1      | 659 ||| Stepping ~*~*~tactically~*~*~ (hiding).
   761 | D:1      | 761 ||| Stepping ~*~*~tactically~*~*~ (hiding).
  1032 | D:1      | Found a faded altar of an unknown god.
  1203 | D:1      | 1203 ||| UPGRADING to +0 chain mail.
  1213 | D:1      | 1213 ||| DROPPING +0 leather armour.
  1214 | D:1      | 1214 ||| READING scroll labelled EDUKOITEOL.
  1215 | D:1      | 1215 ||| READING scroll labelled HELYLOA GIWYKA.
  1216 | D:1      | 1216 ||| DROPPING scroll of blinking.
  1224 | D:2      | Noticed Sigmund
  1225 | D:2      | 1225 ||| Stepping ~*~*~tactically~*~*~ (hiding).
  1226 | D:2      | 1226 ||| STAIRDANCE
  1286 | D:2      | HP: 5/21 [poisoned by an adder]
  1286 | D:2      | HP: 1/21 [Sigmund/+0 scythe (4)]
  1287 | D:2      | Succumbed to an adder's poison

Levels and vault maps discovered:
D:1:      scummos_arrival_simple_fountains, layout_loops_cross,
          hellmonk_ecumenical_altar_slurped_away, minmay_misc_feat_x
D:2:      layout_loops_ring, uniq_sigmund, uniq_jessica

Skill      XL: |  1  2  3 |
---------------+----------+-----
Axes           | 3 4 |  4.3
Fighting       | |  2.0
Throwing       | |  1.0
Armour         | |  1.1
Dodging        | |  2.1
Spellcasting   | |  2.0
Translocations | |  2.4

Action                   || total
-------------------------++-------
Melee: Hand axe          ||    39
       Kick              ||    16
       Peck              ||     5
       Punch             ||     1
Throw: Boomerang         ||    32
  Use: Scroll            ||     2
Armor: Leather armour    ||     8
       Chain mail        ||     4
Dodge: Dodged            ||    16

Table legend:
 A = Non-vault XP
 B = Vault XP
 C = Vault XP percentage of total XP
 D = Non-vault monster count
 E = Vault monster count
 F = Vault count percentage of total count
                 A         B        C        D         E       F
            +---------+---------+-------+---------+---------+-------
      Total |      66 |       2 |   2.9 |      29 |       1 |   3.3
            +---------+---------+-------+---------+---------+-------
        D:1 |      66 |       2 |   2.9 |      29 |       1 |   3.3
            +---------+---------+-------+---------+---------+-------
